 Dungeon Crawl Stone Soup version 0.21.1-1-g345015f (webtiles) character file.

2001 sking99 the Grappler (level 9, 0/88 HPs)
             Began as a Troll Monk on June 28, 2018.
             Slain by an orc
             ... wielding a +0 trident
              (9 damage)
             ... in a bailey.
             The game lasted 00:14:55 (5712 turns).

sking99 the Grappler (Troll Monk)                   Turns: 5712, Time: 00:14:56

Health: 0/88       AC:  7    Str: 21    XL:     9   Next: 2%
Magic:  8/8        EV: 11    Int:  6    God:
Gold:   385        SH:  0    Dex: 18    Spells: 8/8 levels left

rFire    . . .     SeeInvis .     - Unarmed
rCold    . . .     Gourm    +   (no shield)
rNeg     . . .     Faith    .   a - +2 robe of Vines {NoPotionHeal Regen+7}
rPois    +         Spirit   .   (helmet restricted)
rElec    .         Reflect  .   (no cloak)
rCorr    .         Harm     .   (gloves unavailable)
MR       .....                  (boots unavailable)
Stlth    ++........             (no amulet)
HPRegen  3.44/turn              q - ring of poison resistance
MPRegen  0.11/turn              d - +3 ring of dexterity

@: no status effects
A: large, unfitting armour, claws 3, fast metabolism 3, gourmand, regeneration
1, shaggy fur 1, tough skin 2
a: no special abilities


You were in a bailey.
You were not hungry.

You visited 2 branches of the dungeon, and saw 8 of its levels.
You also visited: Sewer and Bailey.

You collected 385 gold pieces.

Inventory:

Armour
 a - the +2 robe of Vines (worn) {NoPotionHeal Regen+7}
   (You found it on level 6 of the Dungeon)

   It increases your rate of regeneration.
 b - a +2 robe
Jewellery
 d - a +3 ring of dexterity (right claw)
 e - an uncursed ring of teleportation
 g - an uncursed ring of resist corrosion
 q - a ring of poison resistance (left claw)
Wands
 x - a wand of paralysis (15)
Scrolls
 h - 6 scrolls of identify
 j - 2 scrolls of teleportation
 l - 3 scrolls of remove curse
 n - 2 scrolls of immolation
 u - a scroll of blinking
Potions
 f - 3 potions of lignification
 i - 2 potions of haste {unknown}
 k - 4 potions of might
 m - 4 potions of agility {unknown}
 o - a potion of invisibility {unknown}
 p - 7 potions of curing
 r - 6 potions of flight
 s - 5 potions of heal wounds
 t - 5 potions of brilliance {unknown}
 v - a potion of degeneration {unknown}
 w - a potion of resistance {unknown}
 z - a potion of mutation {unknown}
Comestibles
 c - 13 rations


   Skills:
 + Level 5.0 Fighting
   Level 2.6 Maces & Flails
 - Level 2.4 Dodging
 - Level 1.0 Stealth
 * Level 10.4 Unarmed Combat


You had 8 spell levels left.
You didn't know any spells.

Dungeon Overview and Level Annotations

Branches:
Dungeon (7/15)             Temple (1/1) D:6

Altars:
Cheibriados
Dithmenos
Elyvilon
Fedhas
Gozag
Hepliaklqana
Nemelex Xobeh
Okawaru
Qazlal
Ru
Sif Muna
Trog
Uskayaw
Vehumet
Wu Jian
Xom
Yredelemnul
The Shining One

Shops:
D:7 [

Annotations:
D:6 2 transporters


Innate Abilities, Weirdness & Mutations

You are too large for most types of armour.
You have claws for hands.
Your metabolism is lightning-fast.
You like to eat raw meat.
Your natural rate of healing is unusually fast.
You are covered in fur. (AC +1)
You have very tough skin. (AC +2)


Message History

The orc is lightly wounded.
The orc hits you with a trident!
* * * LOW HITPOINT WARNING * * *
The orc barely misses you. The orc closely misses you.
The orc hits you but does no damage. x2; The orc barely misses you.
You closely miss the orc.
The orc is lightly wounded.
The orc hits you from afar with a halberd.
* * * LOW HITPOINT WARNING * * *
The orc hits you but does no damage. The orc barely misses you.
The orc closely misses you.
You closely miss the orc.
The orc is lightly wounded.
The orc hits you from afar with a trident!
* * * LOW HITPOINT WARNING * * *
The orc barely misses you. x2; The orc closely misses you.
You claw the orc!
You kill the orc!
The orc hits you with a trident!
You die...

############
##.∩........#
#............
#....ooo.....
#∩...o)......
#....@)o.....
#.....o......
##.∩........#
############


You could see 6 orcs.

Vanquished Creatures
  An ice beast (D:6)
  An orc warrior (D:7)
  A black bear (D:5)
  2 phantoms
  2 ogres
  2 centaurs
  Blork the orc (D:4)
  A big kobold (Sewer)
  5 killer bees (D:7)
  3 wights (D:6)
  A howler monkey (D:6)
  3 crimson imps
  A hound (D:4)
  3 orc wizards (D:4)
  4 worker ants
  A howler monkey skeleton (D:4)
  8 adders
  4 gnolls (D:6)
  7 river rats (Sewer)
  3 shadow imps
  An ooze (D:3)
  An adder skeleton (D:4)
  4 worms
  2 dart slugs
  5 leopard geckos
  23 orcs
  10 ball pythons
  2 giant cockroaches
  6 goblins
  8 hobgoblins
  11 jackals
  25 kobolds
  A quokka (D:4)
  9 bats
  2 frilled lizards
  27 rats
191 creatures vanquished.

Vanquished Creatures (others)
  A plant (D:5)
1 creature vanquished.

Grand Total: 192 creatures vanquished

Notes
Turn   | Place    | Note
-------+----------+-------------------------------------------
     0 | D:1      | sking99 the Troll Monk began the quest for the Orb.
     0 | D:1      | Reached XP level 1. HP: 22/22 MP: 0/0
   144 | D:1      | Reached skill level 1 in Unarmed Combat
   328 | D:1      | Reached XP level 2. HP: 29/29 MP: 1/1
   825 | D:2      | Reached skill level 2 in Unarmed Combat
   856 | D:2      | Reached XP level 3. HP: 36/36 MP: 2/2
  1192 | D:2      | Reached skill level 3 in Unarmed Combat
  1204 | D:2      | Found a radiant altar of Vehumet.
  1328 | D:2      | Found a sacrificial altar of Ru.
  1519 | D:3      | Reached XP level 4. HP: 44/44 MP: 3/3
  1535 | D:3      | Found a shadowy altar of Dithmenos.
  1600 | D:3      | Found a glowing drain.
  1621 | Sewer    | Entered a sewer
  1738 | Sewer    | Noticed a big kobold
  1751 | Sewer    | Killed a big kobold
  1751 | Sewer    | Reached skill level 4 in Unarmed Combat
  1751 | Sewer    | Reached XP level 5. HP: 39/50 MP: 4/4
  1818 | Sewer    | Reached skill level 5 in Unarmed Combat
  2822 | D:4      | Reached XP level 6. HP: 52/59 MP: 5/5
  2874 | D:4      | Reached skill level 6 in Unarmed Combat
  3012 | D:4      | Reached skill level 7 in Unarmed Combat
  3012 | D:4      | Reached XP level 7. HP: 27/66 MP: 6/6
  3199 | D:4      | Found an ornate altar of the Wu Jian Council.
  3238 | D:4      | Noticed a moth of wrath
  3253 | D:4      | Found a bloodstained altar of Trog.
  3618 | D:4      | Noticed Blork the orc
  3624 | D:4      | Killed Blork the orc
  3796 | D:5      | Entered Level 5 of the Dungeon
  3848 | D:5      | Reached skill level 8 in Unarmed Combat
  4519 | D:6      | Reached XP level 8. HP: 78/78 MP: 7/7
  4524 | D:6      | Found an opulent altar of Gozag.
  4543 | D:6      | Reached skill level 9 in Unarmed Combat
  4547 | D:6      | Found an iron altar of Okawaru.
  4593 | D:6      | Found a transporter.
  4596 | D:6      | Noticed a kobold demonologist
  4607 | D:6      | Noticed a kobold demonologist
  4656 | D:6      | Found a transporter.
  4856 | D:6      | Found a staircase to the Ecumenical Temple.
  4869 | Temple   | Entered the Ecumenical Temple
  5074 | D:6      | Found a blossoming altar of Fedhas.
  5088 | D:6      | Found the +2 robe of Vines {NoPotionHeal Regen+7}
  5376 | D:7      | Found Puoseops's Armour Emporium.
  5432 | D:7      | Found a glowing golden altar of the Shining One.
  5500 | D:7      | Reached skill level 10 in Unarmed Combat
  5625 | D:7      | Reached skill level 5 in Fighting
  5625 | D:7      | Reached XP level 9. HP: 88/88 MP: 8/8
  5650 | D:7      | Found a flagged portal.
  5661 | Bailey   | Entered a bailey
  5712 | Bailey   | Slain by an orc

Skill      XL: |  1  2  3  4  5  6  7  8 |
---------------+-------------------------+-----
Unarmed Combat | 1 2 3 4 5 7 8 10 | 10.4
Fighting       | 3 5 |  5.0
Maces & Flails | |  2.6
Dodging        | |  2.4
Stealth        | |  1.0

Action                   |  1- 3 |  4- 6 |  7- 9 || total
-------------------------+-------+-------+-------++-------
Melee: Unarmed           |    97 |   179 |   225 ||   501
       Punch             |       |     1 |     5 ||     6
  Use: Scroll            |     3 |     8 |     7 ||    18
       Potion            |       |       |     1 ||     1
 Stab: Sleeping          |     2 |       |     2 ||     4
  Eat: Chunk             |    19 |    14 |    21 ||    54
Armor: Robe              |    33 |    60 |    66 ||   159
       Skin              |       |       |    82 ||    82
Dodge: Dodged            |    51 |   113 |   129 ||   293
